 Dungeon Crawl Stone Soup version 0.28.0 (console) character file.

Game seed: 16405875999205890558

1312 ryathie the Cleaver (level 8, -6/49 HPs)
             Began as a Gargoyle Fighter on Feb 19, 2022.
             Shot with a bolt by an orc warrior (12 damage)
             ... in a bailey.
             The game lasted 00:12:03 (3860 turns).

ryathie the Cleaver (Gargoyle Fighter)              Turns: 3860, Time: 00:12:04

Health: -6/49      AC: 13    Str: 18 (19) XL:     8   Next: 58%
Magic:  8/8        EV:  9    Int:  9 (10) God:
Gold:   302        SH:  4    Dex: 10 (11) Spells: 7/7 levels left

rFire   . . .      SeeInvis .   a - +0 war axe
rCold   . . .      Faith    .   c - +0 buckler
rNeg    + . .      Spirit   .   b - +0 scale mail
rPois   ∞          Reflect  .   f - +0 helmet
rElec   +          Harm     .   (no cloak)
rCorr   .          Rampage  .   (no gloves)
Will    .....                   (no boots)
Stlth   ..........              (no amulet)
HPRegen 0.16/turn               (no ring)
MPRegen 0.11/turn               (no ring)

@: no status effects
A: sickness immunity, AC +5, negative energy resistance 1, electricity
resistance, torment resistance 1, petrification resistance
a: no special abilities


You were in a bailey.
You visited 2 branches of the dungeon, and saw 8 of its levels.
You also visited: Ossuary and Bailey.

You collected 302 gold pieces.

Inventory:

Hand Weapons
 a - a +0 war axe (weapon)
Armour
 b - a +0 scale mail (worn)
 c - a +0 buckler (worn)
 f - a +0 helmet (worn)
Wands
 o - a wand of polymorph (11)
Scrolls
 i - a scroll of fear
Potions
 d - a potion of might
 e - a potion of lignification
 h - 3 potions of heal wounds
 j - a potion of attraction
 k - 3 potions of degeneration
 l - 2 potions of curing {unknown}
 m - 2 potions of cancellation {unknown}
 n - a potion of berserk rage


   Skills:
 - Level 5.0 Fighting
 + Level 9.0 Axes
 + Level 3.2 Armour
 + Level 3.2 Shields


You had 7 spell levels left.
You didn't know any spells.
Your spell library contained the following spells:

 Spells                   Type           Power      Damage    Failure   Level
 Animate Skeleton         Necr           0%         N/A       86%         1
 Apportation              Tloc           0%         N/A       86%         1
 Summon Small Mammal      Summ           0%         N/A       86%         1
 Gell's Gravitas          Tloc           0%         N/A       99%         3
 Teleport Other           Tloc           0%         N/A       99%         3
 Dispersal                Tloc           0%         N/A       100%        6


Dungeon Overview and Level Annotations

Branches:
Dungeon (7/15)             Temple (1/1) D:4         Ossuary (visited)
 Bailey (1/1)

Altars:
Cheibriados
Dithmenos
Gozag
Qazlal
The Shining One


Innate Abilities, Weirdness & Mutations

You are immune to sickness and miasma.
Your stone body is resilient. (AC +5)
You are immune to poison.
You resist negative energy. (rN+)
You are resistant to electric shocks. (rElec)
You are resistant to unholy torment.
You are immune to petrification.


Message History

You slash the orc!
You kill the orc!
Things that are here:
a +0 arbalest; 24 bolts; a +0 scale mail You start resting.
HP restored.
Found a gate leading back out of this place.
An orc comes into view. It is wielding a +0 arbalest.
The orc shouts!
The orc shoots a bolt.
The bolt hits you but does no damage.
An orc comes into view. It is wielding a +0 arbalest.
An orc warrior comes into view. It is wielding a +0 arbalest.
The orc warrior shouts!
The orc shouts!
The orc warrior shoots a bolt.
The bolt closely misses you.
The orc shoots a bolt.
You block the bolt.
The orc shoots a bolt.
You block the bolt.
An orc comes into view. It is wielding a +0 arbalest.
The orc shouts!
Found a gate leading back out of this place.
You enter the shallow water.
Moving in this stuff is going to be slow.
An orc comes into view. It is wielding a +0 arbalest.
The orc shouts!
The orc shoots a bolt.
The bolt closely misses you.
The orc shoots a bolt.
The bolt closely misses you.
The orc shoots a bolt.
You block the bolt.
The orc shoots a bolt.
The bolt hits you but does no damage.
The orc shoots a bolt.
The bolt hits you.
The orc shoots a bolt.
The bolt hits you but does no damage.
The orc shoots a bolt.
The bolt closely misses you.
The orc warrior shoots a bolt.
The bolt hits you!!
The orc shoots a bolt.
The bolt hits you!
The orc shoots a bolt.
The bolt hits you!
* * * LOW HITPOINT WARNING * * *
The orc warrior shoots a bolt.
The bolt hits you.
* * * LOW HITPOINT WARNING * * *
The orc shoots a bolt.
The bolt hits you but does no damage.
The orc shoots a bolt.
The bolt closely misses you.
The orc warrior shoots a bolt.
The bolt hits you!
You die...

≈≈≈o≈≈.....# ≈≈#
##≈≈≈≈≈≈≈≈≈≈.....#
≈≈#######≈≈≈≈≈##.#≈≈.....#
≈≈≈≈≈≈≈≈≈≈≈≈≈≈#∩.##≈o....#
≈≈≈≈≈≈≈≈≈≈≈≈≈o....#≈o....#
≈≈≈≈≈≈≈≈≈≈≈≈o≈##.##≈.....#
≈≈≈≈≈≈≈≈≈≈≈≈≈≈≈###≈≈o....#
≈≈≈≈≈≈≈≈≈≈≈≈≈≈≈≈≈≈≈≈.....#
................@........#
.........................#
.........................#
........................∩#
##########################


You could see an orc warrior and 4 orcs.

Vanquished Creatures
  2 orc warriors (Bailey)
  2 necrophages (D:6)
  A centaur (D:6)
  A bullfrog (D:7)
  4 water moccasin zombies (Ossuary)
  A bullfrog zombie (D:5)
  A centaur zombie (D:6)
  A jelly (D:6)
  2 bullfrog skeletons
  3 orc priests
  An iguana (D:4)
  A scorpion zombie (D:5)
  2 orc wizards (D:5)
  2 mummies (Ossuary)
  Robin (D:4)
  9 adders
  8 adder zombies (Ossuary)
  A worm (D:4)
  3 dart slugs
  10 orcs
  7 endoplasms
  2 giant cockroaches
  5 gnoll zombies (Ossuary)
  19 goblins
  6 hobgoblins
  3 quokkas
  6 ball pythons
  2 bats (D:1)
  3 frilled lizards
  3 hobgoblin zombies (Ossuary)
  A kobold (D:1)
  4 kobold zombies (Ossuary)
  8 orc zombies (Ossuary)
  2 rats
  A spectral goblin (D:2)
128 creatures vanquished.

Notes
Turn   | Place    | Note
-------+----------+-------------------------------------------
     0 | D:1      | ryathie the Gargoyle Fighter began the quest for the Orb.
     0 | D:1      | Reached XP level 1. HP: 14/14 MP: 1/1
   107 | D:1      | Reached skill level 2 in Axes
   107 | D:1      | Reached XP level 2. HP: 11/19 MP: 2/2
   413 | D:2      | Found a faded altar of an unknown god.
   436 | D:2      | Reached XP level 3. HP: 10/24 MP: 3/3
   887 | D:3      | Reached XP level 4. HP: 30/30 MP: 4/4
   954 | D:3      | Reached skill level 3 in Axes
  1070 | D:4      | Noticed Robin
  1084 | D:4      | Killed Robin
  1135 | D:4      | Found a staircase to the Ecumenical Temple.
  1160 | Temple   | Entered the Ecumenical Temple
  1398 | D:4      | Reached XP level 5. HP: 26/34 MP: 5/5
  1457 | D:4      | Found a sand-covered staircase.
  1461 | Ossuary  | Entered an ossuary
  1499 | Ossuary  | Reached skill level 5 in Fighting
  1535 | Ossuary  | Reached skill level 4 in Axes
  1580 | Ossuary  | Reached XP level 6. HP: 25/40 MP: 6/6
  1620 | Ossuary  | Reached skill level 5 in Axes
  2113 | D:3      | Reached XP level 7. HP: 39/44 MP: 7/7
  2201 | D:4      | Reached skill level 6 in Axes
  2434 | D:5      | Entered Level 5 of the Dungeon
  2780 | D:5      | Reached skill level 7 in Axes
  3052 | D:6      | Identified the +1 ring mail "Ciututto" {rC++ SInv Stlth+}
  3092 | D:6      | Reached XP level 8. HP: 43/49 MP: 8/8
  3112 | D:6      | Reached skill level 8 in Axes
  3171 | D:7      | Found a flagged portal.
  3220 | Bailey   | Entered a bailey
  3574 | Bailey   | Reached skill level 9 in Axes
  3860 | Bailey   | Shot with a bolt by an orc warrior

Illustrated notes

Levels and vault maps discovered:
D:1:      scummos_arrival_simple_fountains, layout_rooms, hangedman_decor_points
D:2:      layout_basic, dreamdust_ecumenical_altar_drowned_temple,
          minmay_tromino_i2
D:3:      layout_basic
D:4:      layout_basic, minmay_temple_entry_overgrown,
          nicolae_ossuary_entry_plus, uniq_robin
D:5:      layout_gridville, minmay_misc_feat_rugged
D:6:      layout_basic
D:7:      layout_basic, kennysheep_mini, enter_bailey_3, uniq_harold,
          uniq_menkaure
Temple:   mainiacjoe_temple_trianglar_array
Bailey:   bailey_polearm_2, bailey

Skill      XL: |  1  2  3  4  5  6  7  8 |
---------------+-------------------------+-----
Axes           | 2 3 4 5 7 9 |  9.0
Fighting       | 4 5 |  5.0
Armour         | |  3.2
Shields        | |  3.2

Action                   |  1- 3 |  4- 6 |  7- 9 || total
-------------------------+-------+-------+-------++-------
Melee: War axe           |    78 |   218 |   188 ||   484
  Use: Scroll            |     3 |     6 |     3 ||    12
       Potion            |       |       |     2 ||     2
Armor: Scale mail        |    36 |   117 |   130 ||   283
Dodge: Dodged            |    33 |    90 |    97 ||   220
Block: Buckler           |    18 |    39 |    47 ||   104
